[Event "XLV Badalona Open 2019"]
[Site "Badalona"]
[Date "2019.08.02"]
[Round "1.1"]
[White "Munoz, Miguel"]
[Black "Boyer Censore, Giuseppe Enmanuel"]
[Result "1-0"]
[ECO "B20"]
[WhiteElo "2511"]
[BlackElo "2094"]
[Annotator "ChessBase"]
[PlyCount "79"]
[EventDate "2019.08.02"]
[EventType "swiss"]
[EventCountry "ESP"]
[SourceTitle "playchess.com"]
[Source "ChessBase"]
[SourceQuality "1"]
[TimeControl "5400+30"]

1. e4 c5 2. g3 Nc6 3. Bg2 g6 4. Ne2 Bg7 5. c3 e5 6. d3 Nge7 7. Be3 d6 8. O-O O-O 9. f4 Be6 10. Nd2 b6 11. f5 gxf5 12. exf5 Nxf5 13. Rxf5 Bxf5 14. Bxc6 Rc8 15. Bb7 Rc7 16. Bd5 Bxd3 17. Ne4 Bxe4 18. Bxe4 f5 19. Bg2 Kh8 20. Qd2 Qe7 21. c4 Qe6 22. Bd5 Qg6 23. Kh1 Qh5 24. Nc3 Rd7 25. Rf1 h6 26. Be6 Rdd8 27. Qf2 f4 28. gxf4 exf4 29. Bxf4 Rde8 30. Bd5 Qh3 31. Ne4 Rxf4 32. Qxf4 Rf8 33. Qxf8+ Bxf8 34. Rxf8+ Kh7 35. Rf7+ Kg6 36. Ng3 Qg4 37. Bf3 Qxc4 38. Bh5+ Kg5 39. Rf5+ Kh4 40. Bd1 1-0

[Event "XLV Badalona Open 2019"]
[Site "Badalona"]
[Date "2019.08.02"]
[Round "1.2"]
[White "Roumegous, Marina"]
[Black "Pena Gomez, Manuel"]
[Result "0-1"]
[ECO "A48"]
[WhiteElo "2093"]
[BlackElo "2500"]
[Annotator "ChessBase"]
[PlyCount "66"]
[EventDate "2019.08.02"]
[EventType "swiss"]
[EventCountry "ESP"]
[SourceTitle "playchess.com"]
[Source "ChessBase"]
[SourceQuality "1"]
[TimeControl "5400+30"]

1. d4 Nf6 2. Nf3 g6 3. c3 Bg7 4. Bf4 O-O 5. Nbd2 d6 6. e4 Nc6 7. d5 e5 8. Be3 Ne7 9. h3 Ne8 10. g3 f5 11. Bg2 Nf6 12. c4 h6 13. Nh2 Nh5 14. Ndf1 f4 15. Bd2 fxg3 16. fxg3 c6 17. Be3 cxd5 18. cxd5 Bd7 19. Qd2 g5 20. Qb4 Be8 21. Bf3 Bg6 22. Rc1 a5 23. Qa4 Rc8 24. Rc4 b5 25. Qxb5 Rb8 26. Qa4 Rxb2 27. Bc1 Rb1 28. Qd1 Qb6 29. Qe2 Be8 30. Bxh5 Bb5 31. Qd2 Bxc4 32. Ne3 Qd4 33. Bf3 Bd3 0-1

[Event "XLV Badalona Open 2019"]
[Site "Badalona"]
[Date "2019.08.02"]
[Round "1.3"]
[White "Moskalenko, Viktor"]
[Black "Asensio Linan, Teodoro"]
[Result "1-0"]
[ECO "A41"]
[WhiteElo "2500"]
[BlackElo "2123"]
[Annotator "ChessBase"]
[PlyCount "42"]
[EventDate "2019.08.02"]
[EventType "swiss"]
[EventCountry "ESP"]
[SourceTitle "playchess.com"]
[Source "ChessBase"]
[SourceQuality "1"]
[TimeControl "5400+30"]

1. d4 d6 2. e4 Nf6 3. f3 d5 4. Bg5 c6 5. Nc3 h6 6. Bh4 Qb6 7. a3 a5 8. Bxf6 gxf6 9. exd5 cxd5 10. Bb5+ Bd7 11. a4 Qd6 12. Bxd7+ Qxd7 13. Nge2 Nc6 14. Nb5 Rc8 15. c3 h5 16. Qd3 h4 17. Kf2 Bh6 18. Rae1 Kf8 19. g4 e5 20. Rd1 e4 21. fxe4 Re8 1-0

[Event "XLV Badalona Open 2019"]
[Site "Badalona"]
[Date "2019.08.02"]
[Round "1.4"]
[White "Chirivi C, Angie Lizeth"]
[Black "Oliva Castaneda, Kevel"]
[Result "0-1"]
[ECO "B53"]
[WhiteElo "2069"]
[BlackElo "2467"]
[Annotator "ChessBase"]
[PlyCount "54"]
[EventDate "2019.08.02"]
[EventType "swiss"]
[EventCountry "ESP"]
[SourceTitle "playchess.com"]
[Source "ChessBase"]
[SourceQuality "1"]
[TimeControl "5400+30"]

1. e4 c5 2. Nf3 d6 3. d4 cxd4 4. Qxd4 Nf6 5. Nc3 e5 6. Bb5+ Nbd7 7. Qd3 h6 8. Be3 a6 9. Bxd7+ Bxd7 10. O-O-O Rc8 11. Nh4 Qa5 12. Nf5 Rxc3 13. bxc3 d5 14. exd5 e4 15. Qd4 Ba3+ 16. Kd2 Bxf5 17. Qe5+ Be7 18. Qxf5 O-O 19. Bd4 Nxd5 20. h4 Rd8 21. Ke1 Qxa2 22. Rh3 Qxc2 23. Rg3 Nf6 24. Rd2 Qb3 25. Bxf6 Qb1+ 26. Ke2 Rxd2+ 27. Kxd2 e3+ 0-1

[Event "XLV Badalona Open 2019"]
[Site "Badalona"]
[Date "2019.08.02"]
[Round "1.6"]
[White "Sanchez Lopez, Juan Manuel"]
[Black "Sreeshwan Maralakshikari"]
[Result "0-1"]
[ECO "B10"]
[WhiteElo "2068"]
[BlackElo "2461"]
[Annotator "ChessBase"]
[PlyCount "76"]
[EventDate "2019.08.02"]
[EventType "swiss"]
[EventCountry "ESP"]
[SourceTitle "playchess.com"]
[Source "ChessBase"]
[SourceQuality "1"]
[TimeControl "5400+30"]

1. c4 c6 2. e4 d5 3. cxd5 cxd5 4. exd5 Nf6 5. Nc3 Nxd5 6. Bc4 Nb6 7. Be2 Nc6 8. Nf3 Bg4 9. d4 e6 10. O-O Be7 11. Re1 O-O 12. Bf4 Bf6 13. Ne5 Bxe2 14. Nxe2 Rc8 15. a4 Qd5 16. a5 Nc4 17. a6 bxa6 18. Rxa6 Nxb2 19. Qd2 Bxe5 20. Qxb2 Bxf4 21. Nxf4 Qc4 22. Ra3 Nxd4 23. Rg3 Nf5 24. Nh5 f6 25. Ra3 Rc7 26. h3 Nd4 27. Rg3 e5 28. Qd2 g6 29. Kh2 Qd5 30. Rd1 Rd7 31. Qh6 Qf7 32. f4 Nf5 33. Rxd7 Nxh6 34. Rxf7 Kxf7 35. Ra3 gxh5 36. Rxa7+ Kg6 37. fxe5 fxe5 38. Re7 Nf7 0-1

[Event "XLV Badalona Open 2019"]
[Site "Badalona"]
[Date "2019.08.02"]
[Round "1.9"]
[White "Sanchez Coves, Juan Josep"]
[Black "Gisbert Mir, Alfonso"]
[Result "0-1"]
[ECO "B24"]
[WhiteElo "1572"]
[BlackElo "1936"]
[Annotator "NA"]
[PlyCount "67"]
[EventDate "2019.08.02"]
[EventType "swiss"]
[EventCountry "ESP"]
[SourceTitle "playchess.com"]
[Source "ChessBase"]
[SourceQuality "1"]
[TimeControl "5400+30"]

1. e4 c5 2. Nc3 Nc6 3. Bb5 d6 4. Bxc6+ bxc6 5. d3 Nf6 6. h3 g6 7. Nf3 Bg7 8. Be3 Rb8 9. Qc1 O-O 10. O-O Bd7 11. e5 Nd5 12. Bh6 Nxc3 13. bxc3 f6 14. Bxg7 Kxg7 15. exd6 exd6 16. Qf4 Be6 17. Rfe1 Qd7 18. Qg3 Rb2 19. Re2 Rfb8 20. Rae1 Rb1 21. c4 Rxe1+ 22. Nxe1 Rb1 23. Qe3 Bf7 24. c3 Qb7 25. Kh2 Qb8 26. Qg3 Rc1 27. d4 cxd4 28. cxd4 Bxc4 29. Re7+ Bf7 30. Nd3 Rc3 31. Rxf7+ Kxf7 32. Ne5+ dxe5 33. Qxc3 exd4+ 34. Qg3 0-1

[Event "XLV Badalona Open 2019"]
[Site "Badalona"]
[Date "2019.08.03"]
[Round "2.1"]
[White "Bru Rullo, Llatzer"]
[Black "Munoz, Miguel"]
[Result "1/2-1/2"]
[ECO "E70"]
[WhiteElo "2311"]
[BlackElo "2511"]
[Annotator "ChessBase"]
[PlyCount "87"]
[EventDate "2019.08.02"]
[EventType "swiss"]
[EventCountry "ESP"]
[SourceTitle "playchess.com"]
[Source "ChessBase"]
[SourceQuality "1"]
[TimeControl "5400+30"]

1. d4 Nf6 2. c4 g6 3. Nc3 Bg7 4. e4 O-O 5. Nf3 c5 6. d5 d6 7. h3 e6 8. Bd3 exd5 9. exd5 Re8+ 10. Be3 Bh6 11. O-O Bxe3 12. fxe3 Qe7 13. e4 Nbd7 14. Qd2 a6 15. Rf2 Nh5 16. g4 Ng7 17. Qh6 f6 18. Raf1 Rf8 19. a4 Ne5 20. Nxe5 Qxe5 21. Qf4 Qxf4 22. Rxf4 Ne8 23. Kg2 Bd7 24. R4f2 b6 25. a5 Rb8 26. axb6 Rxb6 27. e5 dxe5 28. Ne4 Bc8 29. Nxc5 f5 30. gxf5 gxf5 31. Bxf5 Rxf5 32. Rxf5 Bxf5 33. Rxf5 Rg6+ 34. Kf2 Nd6 35. Rxe5 Nxc4 36. Re6 Rg5 37. b3 Rxd5 38. Nxa6 Ne5 39. Nc7 Rc5 40. Na6 Rb5 41. b4 Nd3+ 42. Ke3 Nxb4 43. Nxb4 Rxb4 44. Kf3 1/2-1/2

[Event "XLV Badalona Open 2019"]
[Site "Badalona"]
[Date "2019.08.03"]
[Round "2.2"]
[White "Pena Gomez, Manuel"]
[Black "Escobar Medina, Andres F"]
[Result "1-0"]
[ECO "A56"]
[WhiteElo "2500"]
[BlackElo "2296"]
[Annotator "ChessBase"]
[PlyCount "61"]
[EventDate "2019.08.02"]
[EventType "swiss"]
[EventCountry "ESP"]
[SourceTitle "playchess.com"]
[Source "ChessBase"]
[SourceQuality "1"]
[TimeControl "5400+30"]

1. d4 Nf6 2. c4 c5 3. Nf3 g6 4. Nc3 Bg7 5. d5 O-O 6. e4 d6 7. h3 e6 8. Bd3 exd5 9. cxd5 Re8 10. O-O b6 11. Rb1 Ba6 12. Bf4 c4 13. Bc2 b5 14. a3 Qb6 15. b3 cxb3 16. Rxb3 Nbd7 17. Qb1 Rab8 18. Rb4 Rec8 19. Ne2 Nh5 20. Be3 Qa5 21. Ned4 Qxa3 22. Nc6 Nc5 23. Nxb8 Rxb8 24. Bxc5 dxc5 25. Ra4 bxa4 26. Qxb8+ Bf8 27. d6 Nf6 28. Rd1 Nd7 29. Qxa7 Qc3 30. Bxa4 Be2 31. Qxd7 1-0

[Event "XLV Badalona Open 2019"]
[Site "Badalona"]
[Date "2019.08.03"]
[Round "2.3"]
[White "Oliva Castaneda, Kevel"]
[Black "Cruz, Filemon"]
[Result "1-0"]
[ECO "C50"]
[WhiteElo "2467"]
[BlackElo "2304"]
[Annotator "ChessBase"]
[PlyCount "65"]
[EventDate "2019.08.02"]
[EventType "swiss"]
[EventCountry "ESP"]
[SourceTitle "playchess.com"]
[Source "ChessBase"]
[SourceQuality "1"]
[TimeControl "5400+30"]

1. e4 e5 2. Nf3 Nc6 3. Bc4 Bc5 4. O-O Nf6 5. d3 d6 6. c3 Bb6 7. a4 a6 8. Nbd2 O-O 9. h3 Ne7 10. Re1 Ng6 11. a5 Ba7 12. d4 exd4 13. cxd4 d5 14. exd5 Nxd5 15. Qb3 c6 16. Ne4 h6 17. Bd2 Rb8 18. Rad1 Be6 19. Nc5 Bxc5 20. dxc5 Qf6 21. Re4 Ndf4 22. Bxf4 Nxf4 23. Rd6 Rfd8 24. Qe3 Rxd6 25. cxd6 Nd5 26. Bxd5 cxd5 27. Rb4 Rd8 28. Rb6 Bd7 29. Ne5 Bc6 30. d7 Kf8 31. b4 Qd6 32. b5 axb5 33. a6 1-0

[Event "XLV Badalona Open 2019"]
[Site "Badalona"]
[Date "2019.08.03"]
[Round "2.5"]
[White "Sreeshwan Maralakshikari"]
[Black "Della Morte, Pablo"]
[Result "0-1"]
[ECO "E43"]
[WhiteElo "2461"]
[BlackElo "2289"]
[Annotator "ChessBase"]
[PlyCount "80"]
[EventDate "2019.08.02"]
[EventType "swiss"]
[EventCountry "ESP"]
[SourceTitle "playchess.com"]
[Source "ChessBase"]
[SourceQuality "1"]
[TimeControl "5400+30"]

1. d4 Nf6 2. c4 e6 3. Nc3 Bb4 4. e3 b6 5. Bd3 Bb7 6. Nf3 O-O 7. O-O Re8 8. Bd2 d6 9. a3 Bxc3 10. Bxc3 Nbd7 11. Nd2 e5 12. d5 b5 13. e4 Nc5 14. Qe2 bxc4 15. Nxc4 Nxd3 16. Qxd3 Ba6 17. Rfc1 c6 18. Bb4 cxd5 19. exd5 Qd7 20. b3 Rac8 21. Rc3 Qg4 22. Bxd6 Rcd8 23. Qc2 Nxd5 24. Rg3 Qe6 25. Bc5 Nf4 26. Re1 Bxc4 27. bxc4 Rc8 28. Bxa7 Rxc4 29. Qb2 h5 30. Rge3 Qc6 31. Rf3 Nxg2 32. Kxg2 Rg4+ 33. Kf1 Qxf3 34. Qb5 Re6 35. Re3 Qd1+ 36. Re1 Rg1+ 37. Kxg1 Qxe1+ 38. Kg2 Rg6+ 39. Kf3 Rg4 40. Qe8+ Kh7 0-1

[Event "XLV Badalona Open 2019"]
[Site "Badalona"]
[Date "2019.08.03"]
[Round "2.6"]
[White "Berdayes Ason, Dylan Isidro"]
[Black "Alexieva, Silvia"]
[Result "1-0"]
[ECO "C41"]
[WhiteElo "2461"]
[BlackElo "2273"]
[Annotator "ChessBase"]
[PlyCount "135"]
[EventDate "2019.08.02"]
[EventType "swiss"]
[EventCountry "ESP"]
[SourceTitle "playchess.com"]
[Source "ChessBase"]
[SourceQuality "1"]
[TimeControl "5400+30"]

1. e4 d6 2. d4 Nf6 3. Nc3 e5 4. Nf3 Nbd7 5. Bc4 Be7 6. O-O O-O 7. a4 a6 8. a5 h6 9. h3 exd4 10. Nxd4 Ne5 11. Ba2 c5 12. Nde2 Nc6 13. Nf4 Nxa5 14. Ng6 Re8 15. Bf4 Nc6 16. Nxe7+ Rxe7 17. Qxd6 Be6 18. Bxe6 Rxe6 19. Qxd8+ Rxd8 20. f3 Nb4 21. Rf2 b6 22. Rd1 Rxd1+ 23. Nxd1 Re7 24. Rd2 Rd7 25. Rxd7 Nxd7 26. Ne3 f6 27. Bc7 Kf7 28. Kf1 b5 29. Ke2 Nc6 30. Kd2 Ne7 31. h4 h5 32. Bd6 Nc8 33. Bh2 Ne7 34. Bd6 Nc8 35. Bc7 Ne7 36. c4 Ng6 37. Bg3 Nge5 38. b3 b4 39. Nf5 Nc6 40. Bf2 Na5 41. Kc2 g6 42. Ne3 Nb7 43. Nd5 a5 44. Bg3 Nf8 45. Nf4 Nd7 46. Bf2 Nb6 47. Nd3 Nd7 48. Be3 Ke6 49. Kd2 f5 50. exf5+ Kxf5 51. Kc2 Ke6 52. Nf2 Kd6 53. Ne4+ Kc6 54. Bf4 a4 55. bxa4 Nb6 56. Nd2 Nxa4 57. g4 Na5 58. Be5 Nb6 59. Kd3 Nd7 60. Bg7 Kd6 61. Ne4+ Ke6 62. gxh5 gxh5 63. Ng3 Nb6 64. Nxh5 Nbxc4 65. Ng3 Nd6 66. h5 c4+ 67. Kc2 Nf5 68. h6 1-0

[Event "XLV Badalona Open 2019"]
[Site "Badalona"]
[Date "2019.08.03"]
[Round "2.7"]
[White "Midoux, Sebastien"]
[Black "Valderrama Quiceno, Esteban Alb"]
[Result "1/2-1/2"]
[ECO "A42"]
[WhiteElo "2242"]
[BlackElo "2423"]
[Annotator "ChessBase"]
[PlyCount "101"]
[EventDate "2019.08.02"]
[EventType "swiss"]
[EventCountry "ESP"]
[SourceTitle "playchess.com"]
[Source "ChessBase"]
[SourceQuality "1"]
[TimeControl "5400+30"]

1. c4 g6 2. Nc3 Bg7 3. d4 d6 4. e4 c6 5. h3 a6 6. Nf3 Nf6 7. Be3 O-O 8. a4 a5 9. Be2 Na6 10. O-O Nd7 11. Qd2 e5 12. Rad1 exd4 13. Bxd4 Bxd4 14. Qxd4 Qb6 15. Qxb6 Nxb6 16. Rxd6 Nc5 17. b3 Re8 18. Bd3 Nxd3 19. Rxd3 Nd7 20. Re3 Nc5 21. e5 Bf5 22. Nd4 Bd3 23. Rd1 Rad8 24. Rexd3 Nxd3 25. Rxd3 Rxe5 26. Re3 f6 27. Rxe5 fxe5 28. Nde2 Rd2 29. g4 Rb2 30. Nc1 Kf7 31. Kg2 Ke7 32. Kf3 Rc2 33. N3e2 Rd2 34. Ke3 Rd1 35. Nd3 Rh1 36. Nxe5 Rb1 37. Nd4 c5 38. Nb5 Rxb3+ 39. Nd3 b6 40. Ke4 Rb1 41. f4 Rh1 42. Nc3 Rxh3 43. Nd5+ Kd6 44. g5 Rh2 45. Nxb6 Re2+ 46. Kf3 Ra2 47. Ne5 Rb2 48. Nd5 Ra2 49. Nb6 Rb2 50. Nd5 Ra2 51. Nb6 1/2-1/2

[Event "XLV Badalona Open 2019"]
[Site "Badalona"]
[Date "2019.08.03"]
[Round "2.8"]
[White "Valero Recalde, Pablo"]
[Black "Walter Travella, German"]
[Result "0-1"]
[ECO "A45"]
[WhiteElo "1714"]
[BlackElo "1940"]
[Annotator "NA"]
[PlyCount "63"]
[EventDate "2019.08.02"]
[EventType "swiss"]
[EventCountry "ESP"]
[SourceTitle "playchess.com"]
[Source "ChessBase"]
[SourceQuality "1"]
[TimeControl "5400+30"]

1. d4 Nf6 2. Nc3 d5 3. Bf4 c6 4. e3 Bf5 5. f3 e6 6. g4 Bg6 7. h4 h6 8. h5 Bh7 9. Bd3 Bd6 10. Nge2 Qc7 11. Qd2 e5 12. dxe5 Bxe5 13. O-O-O Nbd7 14. Bxh7 Nxh7 15. Nd4 O-O 16. Rdg1 Qa5 17. Bxe5 Nxe5 18. f4 Nc4 19. Qd3 Rfe8 20. Nf5 f6 21. Rg3 b5 22. Nd4 Qb6 23. Nf5 Rad8 24. Rhg1 b4 25. Na4 Qa5 26. Qb3 Re4 27. Nd4 Rd6 28. f5 Nf8 29. Ne2 c5 30. Nf4 Nxe3 31. Rxe3 c4 32. Nxd5 0-1

[Event "XLV Badalona Open 2019"]
[Site "Badalona"]
[Date "2019.08.03"]
[Round "2.9"]
[White "Gisbert Mir, Alfonso"]
[Black "Ankit, Dalal"]
[Result "1/2-1/2"]
[ECO "D10"]
[WhiteElo "1936"]
[BlackElo "1680"]
[Annotator "NA"]
[PlyCount "55"]
[EventDate "2019.08.02"]
[EventType "swiss"]
[EventCountry "ESP"]
[SourceTitle "playchess.com"]
[Source "ChessBase"]
[SourceQuality "1"]
[TimeControl "5400+30"]

1. d4 d5 2. c4 c6 3. cxd5 cxd5 4. Nc3 Nf6 5. Bf4 e6 6. e3 Be7 7. Bd3 O-O 8. Nf3 a6 9. O-O Nbd7 10. Ne5 Nxe5 11. Bxe5 b5 12. a3 Bb7 13. Rc1 Rc8 14. f4 Ne4 15. Bxe4 dxe4 16. f5 f6 17. Bg3 exf5 18. Rxf5 g6 19. Rf1 Bd6 20. Bxd6 Qxd6 21. Qg4 f5 22. Qg5 Kg7 23. Qh4 Rc4 24. g4 f4 25. g5 fxe3 26. Nxe4 Rxc1 27. Rxc1 Bxe4 28. Qxe4 1/2-1/2

[Event "XLV Badalona Open 2019"]
[Site "Badalona"]
[Date "2019.08.03"]
[Round "2.10"]
[White "Moncada Correa, Sara"]
[Black "Sanz Ogaya, Mario"]
[Result "*"]
[ECO "B23"]
[WhiteElo "1909"]
[BlackElo "1945"]
[Annotator "NA"]
[PlyCount "30"]
[EventDate "2019.08.02"]
[EventType "swiss"]
[EventCountry "ESP"]
[SourceTitle "playchess.com"]
[Source "ChessBase"]
[SourceQuality "1"]
[TimeControl "5400+30"]

1. e4 c5 2. Nc3 g6 3. f4 Bg7 4. Nf3 e6 5. e5 Nh6 6. g3 O-O 7. Bg2 d6 8. O-O Nc6 9. exd6 Qxd6 10. Ne4 Qe7 11. d3 b6 12. Ne5 Bb7 13. g4 Nxe5 14. fxe5 Bxe4 15. Bxe4 Rad8 *

[Event "XLV Badalona Open 2019"]
[Site "Badalona"]
[Date "2019.08.03"]
[Round "2.10"]
[White "Alvaro Hermosa, Ramon"]
[Black "Sanz Ogaya, Mario"]
[Result "0-1"]
[ECO "B23"]
[WhiteElo "1627"]
[BlackElo "1945"]
[Annotator "NA"]
[PlyCount "62"]
[EventDate "2019.08.02"]
[EventType "swiss"]
[EventCountry "ESP"]
[SourceTitle "playchess.com"]
[Source "ChessBase"]
[SourceQuality "1"]
[TimeControl "5400+30"]

1. e4 c5 2. Nc3 g6 3. f4 Bg7 4. Nf3 e6 5. e5 Nh6 6. g3 O-O 7. Bg2 d6 8. O-O Nc6 9. exd6 Qxd6 10. Ne4 Qe7 11. d3 b6 12. Ne5 Bb7 13. g4 Nxe5 14. fxe5 Bxe4 15. Bxe4 Rad8 16. Qf3 Qh4 17. Bxh6 Qxh6 18. Qg3 Qg5 19. h4 Qxe5 20. Qxe5 Bxe5 21. Rab1 f5 22. Bf3 Bd6 23. Rbe1 Kf7 24. Kg2 Be7 25. Kh3 Bf6 26. b3 Rd4 27. Re2 Re8 28. Rfe1 e5 29. Kg3 fxg4 30. Bxg4 h5 31. Bh3 Bxh4+ 0-1

[Event "XLV Badalona Open 2019"]
[Site "Badalona"]
[Date "2019.08.04"]
[Round "3.2"]
[White "Barbero Sendic, Alejandro"]
[Black "Oliva Castaneda, Kevel"]
[Result "1/2-1/2"]
[ECO "B47"]
[WhiteElo "2348"]
[BlackElo "2467"]
[Annotator "ChessBase"]
[PlyCount "60"]
[EventDate "2019.08.02"]
[EventType "swiss"]
[EventCountry "ESP"]
[SourceTitle "playchess.com"]
[Source "ChessBase"]
[SourceQuality "1"]
[TimeControl "5400+30"]

1. e4 c5 2. Nf3 e6 3. d4 cxd4 4. Nxd4 Nc6 5. Nc3 Qc7 6. g3 a6 7. Bg2 d6 8. Nxc6 bxc6 9. O-O Bb7 10. Na4 Nf6 11. b3 Be7 12. Bb2 O-O 13. c4 c5 14. e5 dxe5 15. Bxb7 Qxb7 16. Bxe5 Qc6 17. Qe2 Nd7 18. Bb2 Rfd8 19. Rae1 Bf6 20. Bxf6 Nxf6 21. Qe5 Rac8 22. Rd1 Ne4 23. Qf4 Nd6 24. Rfe1 Nf5 25. Rxd8+ Rxd8 26. Qe4 Qc8 27. Kg2 Rd4 28. Qe5 Qb7+ 29. f3 Qb4 30. Re2 Rd2 1/2-1/2

[Event "XLV Badalona Open 2019"]
[Site "Badalona"]
[Date "2019.08.04"]
[Round "3.4"]
[White "Rojas Keim, Luis"]
[Black "Berdayes Ason, Dylan Isidro"]
[Result "1-0"]
[ECO "B07"]
[WhiteElo "2338"]
[BlackElo "2461"]
[Annotator "ChessBase"]
[PlyCount "67"]
[EventDate "2019.08.02"]
[EventType "swiss"]
[EventCountry "ESP"]
[SourceTitle "playchess.com"]
[Source "ChessBase"]
[SourceQuality "1"]
[TimeControl "5400+30"]

1. e4 d6 2. d4 Nf6 3. Nc3 g6 4. Be3 c6 5. Qd2 Nbd7 6. O-O-O b5 7. f3 b4 8. Nce2 a5 9. Kb1 Ba6 10. Bh6 Bxh6 11. Qxh6 Qb6 12. Nh3 a4 13. Nc1 Bxf1 14. Rhxf1 c5 15. dxc5 Qxc5 16. Nf4 Rc8 17. Rd2 Nb6 18. Ncd3 Qb5 19. b3 Nbd7 20. Rfd1 Nc5 21. Nb2 axb3 22. cxb3 Ncxe4 23. fxe4 Nxe4 24. Nd5 Kd7 25. Nc4 Rc5 26. Qg7 Nxd2+ 27. Rxd2 Qb8 28. Qxf7 Qf8 29. Nf6+ Kc7 30. Nxd6 Kc6 31. Nd7 Kxd7 32. Ne4+ Kc6 33. Qe6+ Kb5 34. Nxc5 1-0

[Event "XLV Badalona Open 2019"]
[Site "Badalona"]
[Date "2019.08.04"]
[Round "3.5"]
[White "Becerra, Juan David"]
[Black "Perez Mitjans, Orelvis"]
[Result "1/2-1/2"]
[ECO "C25"]
[WhiteElo "2327"]
[BlackElo "2416"]
[Annotator "NA"]
[PlyCount "45"]
[EventDate "2019.08.02"]
[EventType "swiss"]
[EventCountry "ESP"]
[SourceTitle "playchess.com"]
[Source "ChessBase"]
[SourceQuality "1"]
[TimeControl "5400+30"]

1. e4 e5 2. Nc3 Nc6 3. g3 Nf6 4. Bg2 Bc5 5. d3 d6 6. Na4 Bb6 7. Nxb6 axb6 8. Ne2 d5 9. exd5 Nxd5 10. O-O O-O 11. h3 Be6 12. Kh2 Qd7 13. a3 Rfe8 14. f4 exf4 15. Nxf4 Nxf4 16. Bxf4 Bd5 17. Bxd5 Qxd5 18. Bxc7 Nd4 19. Rf2 Re3 20. Bxb6 Nf3+ 21. Kg2 Nh4+ 22. Kh2 Nf3+ 23. Kg2 1/2-1/2

[Event "XLV Badalona Open 2019"]
[Site "Badalona"]
[Date "2019.08.04"]
[Round "3.6"]
[White "Cu Hor, Winston Darwin"]
[Black "Avila Pavas, Santiago"]
[Result "0-1"]
[ECO "A13"]
[WhiteElo "2335"]
[BlackElo "2411"]
[Annotator "NA"]
[PlyCount "148"]
[EventDate "2019.08.02"]
[EventType "swiss"]
[EventCountry "ESP"]
[SourceTitle "playchess.com"]
[Source "ChessBase"]
[SourceQuality "1"]
[TimeControl "5400+30"]

1. Nf3 Nf6 2. c4 e6 3. g3 d5 4. Bg2 dxc4 5. O-O Be7 6. Na3 O-O 7. Nxc4 c5 8. b3 Nc6 9. Bb2 Nd5 10. d4 cxd4 11. Nxd4 Bd7 12. Nf5 Bf6 13. Bxf6 Nxf6 14. Nfd6 Rb8 15. Rc1 Qe7 16. Qd2 Rfd8 17. Rfd1 Be8 18. Qb2 Qf8 19. Nxe8 Qxe8 20. Nd6 Qe7 21. Bxc6 bxc6 22. Qe5 Nd5 23. Nf5 Qf8 24. Nd4 Nb4 25. a3 Rd5 26. Qe4 Na2 27. Rc2 Qxa3 28. Ra1 Nc3 29. Rxa3 Nxe4 30. Nxc6 Rd1+ 31. Kg2 Rb7 32. Rxa7 Rxa7 33. Nxa7 g5 34. b4 Ra1 35. Nc6 Rb1 36. Rc4 Nf6 37. Rc5 h6 38. Rc4 Rb2 39. Nd4 Kh7 40. Nc2 Kg6 41. h3 Nd5 42. e4 Nb6 43. Rc7 Na8 44. Rc6 Kf6 45. Ne3 Ke7 46. Ra6 Nc7 47. Ra7 Kd8 48. Ng4 h5 49. Ne5 f6 50. Nf7+ Kd7 51. e5 fxe5 52. Nxe5+ Kc8 53. Nf7 g4 54. hxg4 hxg4 55. Nd6+ Kd8 56. Nb7+ Kc8 57. Nc5 Nd5 58. Ra3 Kc7 59. Nxe6+ Kd6 60. Nd4 Nxb4 61. Nf5+ Ke6 62. Ne3 Nc2 63. Ra6+ Kf7 64. Nxc2 Rxc2 65. Ra4 Kf6 66. Rxg4 Kf5 67. Rf4+ Kg5 68. Kh3 Rc8 69. Ra4 Rh8+ 70. Kg2 Rc8 71. Ra5+ Kg6 72. f4 Rc1 73. Ra6+ Kf5 74. Ra5+ Ke4 0-1

[Event "XLV Badalona Open 2019"]
[Site "Badalona"]
[Date "2019.08.04"]
[Round "3.7"]
[White "Della Morte, Pablo"]
[Black "Fernandez Borrego, Pablo"]
[Result "0-1"]
[ECO "B36"]
[WhiteElo "2289"]
[BlackElo "2408"]
[Annotator "NA"]
[PlyCount "66"]
[EventDate "2019.08.02"]
[EventType "swiss"]
[EventCountry "ESP"]
[SourceTitle "playchess.com"]
[Source "ChessBase"]
[SourceQuality "1"]
[TimeControl "5400+30"]

1. e4 c5 2. Nf3 Nc6 3. d4 cxd4 4. Nxd4 g6 5. c4 Nf6 6. Nc3 d6 7. Nc2 Bg7 8. Be2 Nd7 9. Bd2 O-O 10. O-O Nc5 11. f3 a5 12. Be3 a4 13. Qd2 Qa5 14. Na3 Be6 15. Rac1 Rfc8 16. Rfd1 Qb4 17. Bf1 Nd7 18. Qf2 Na5 19. Rd5 Bxd5 20. Nxd5 Qxb2 21. Nxe7+ Kf8 22. Nxc8 Qxa3 23. Na7 Rxa7 24. Qd2 b6 25. c5 dxc5 26. Bf4 Kg8 27. Bb5 Qb2 28. Bxa4 Bd4+ 29. Kf1 Qxd2 30. Bxd2 Ne5 31. Bb5 Nb7 32. f4 Rxa2 33. Ke2 Nd6 0-1

[Event "XLV Badalona Open 2019"]
[Site "Badalona"]
[Date "2019.08.04"]
[Round "3.8"]
[White "Walter Travella, German"]
[Black "Alvaro Hermosa, Ramon"]
[Result "*"]
[ECO "A03"]
[WhiteElo "1940"]
[BlackElo "1627"]
[Annotator "NA"]
[PlyCount "39"]
[EventDate "2019.08.02"]
[EventType "swiss"]
[EventCountry "ESP"]
[SourceTitle "playchess.com"]
[Source "ChessBase"]
[SourceQuality "1"]
[TimeControl "5400+30"]

1. f4 d5 2. Nf3 Nf6 3. e3 g6 4. b3 Bg7 5. Bb2 O-O 6. Be2 c5 7. O-O Nc6 8. d3 d4 9. e4 Ng4 10. Bc1 f5 11. e5 Nb4 12. h3 Nh6 13. c4 Qc7 14. a3 Nc6 15. b4 b6 16. Qe1 Nd8 17. Bd2 a5 18. b5 Bb7 19. Qh4 Ne6 20. Ra2 *

[Event "XLV Badalona Open 2019"]
[Site "Badalona"]
[Date "2019.08.04"]
[Round "3.9"]
[White "Murat Huertas, Eduard"]
[Black "Moncada Correa, Sara"]
[Result "0-1"]
[ECO "A11"]
[WhiteElo "1799"]
[BlackElo "1909"]
[Annotator "NA"]
[PlyCount "62"]
[EventDate "2019.08.02"]
[EventType "swiss"]
[EventCountry "ESP"]
[SourceTitle "playchess.com"]
[Source "ChessBase"]
[SourceQuality "1"]
[TimeControl "5400+30"]

1. c4 c6 2. g3 d5 3. Bg2 Nf6 4. Nf3 dxc4 5. a4 Bf5 6. Na3 Qd5 7. O-O Qc5 8. b4 cxb3 9. Qxb3 Qb6 10. Qc4 Nbd7 11. d3 Qd8 12. Qb3 Qc7 13. Bf4 e5 14. Nxe5 Nxe5 15. Nc4 Bd6 16. Nxd6+ Qxd6 17. d4 Qxd4 18. Rad1 Qc5 19. Rc1 Qe7 20. Bxe5 Qxe5 21. Qxb7 O-O 22. Bxc6 Rab8 23. Qxa7 Qxe2 24. a5 Be4 25. Rce1 Qf3 26. Bxe4 Nxe4 27. Re3 Qf5 28. Qd4 Ng5 29. Kg2 Qxa5 30. Ra1 Qb5 31. Rc3 Qb7+ {Rd3} 0-1